 Dungeon Crawl Stone Soup version 0.32-a0-361-g289a535e89 (webtiles) character file.

Game seed: 15715251735060754181

15650 greenreed the Grappler (level 12, -3/123 HPs)
             Began as a Troll Shapeshifter on Feb 18, 2024.
             Was a High Priest of Okawaru.
             Shot with an arrow by an archer statue (32 damage)
             ... on level 12 of the Dungeon.
             The game lasted 00:17:19 (7656 turns).

greenreed the Grappler (Troll Shapeshifter)         Turns: 7656, Time: 00:17:20

Health: -3/123     AC:  5    Str: 35    XL:     12   Next: 3%
Magic:  15/15      EV: 11    Int:  6    God:    Okawaru [*****.]
Gold:   469        SH:  0    Dex:  9    Spells: 11/11 levels left

rFire   + .          .
                       - Unarmed
rCold   . . .        (no shield)
rNeg    + . .        H - +1 robe {rN+}
rPois   .            (helmet currently unavailable)
rElec   .            (cloak currently unavailable)
rCorr   .            (gloves unavailable)
SInv    .            (boots unavailable)
Will    .....        z - amulet of regeneration
Stlth   +            s - +6 ring of strength
HPRegen 2.00/turn    i - ring of protection from fire
MPRegen 0.14/turn

%: no passive effects
@: beast-form
A: beast (slay +4), large, unfitting armour, claws 3, regeneration 1, shaggy fur
1, tough skin 1
a: Begin Untransformation, Renounce Religion, Heroism, Finesse, Duel


You were on level 12 of the Dungeon.
You worshipped Okawaru.
Okawaru was extremely pleased with you.
You were a hulking beast.
You visited 2 branches of the dungeon, and saw 13 of its levels.

You collected 469 gold pieces.

Inventory:

Missiles
 a - 13 large rocks
 m - a throwing net
 E - 2 darts of dispersal
 G - 11 boomerangs (quivered)
 K - a silver javelin
Armour
 n - a +0 cloak
 y - a +1 hat
 H - a +1 robe of positive energy (worn)
Jewellery
 i - a ring of protection from fire (right claw)
 s - a +6 ring of strength (left claw)
 u - a +6 ring of intelligence
 v - an amulet of the acrobat
 z - an amulet of regeneration (around neck)
 A - a ring of wizardry
 I - an amulet of guardian spirit
 L - a ring of magical power
Talismans
 c - a beast talisman (active)
 M - a flux talisman
Wands
 d - a wand of mindburst (5)
 F - a wand of flame (26)
Scrolls
 e - 8 scrolls of teleportation
 f - 2 scrolls of revelation
 l - a scroll of fog
 o - a scroll of fear {unknown}
 p - 2 scrolls of vulnerability
 t - 2 scrolls of enchant weapon
 w - a scroll of noise
 C - a scroll of brand weapon {unknown}
 J - a scroll of torment {unknown}
Potions
 b - 3 potions of lignification
 g - 2 potions of enlightenment
 h - 3 potions of haste
 j - a potion of might {unknown}
 k - 11 potions of curing
 q - 5 potions of brilliance
 r - a potion of cancellation {unknown}
 x - 2 potions of attraction
 B - a potion of magic {unknown}
 D - a potion of heal wounds {unknown}


   Skills:
 * Level 9.0 Fighting
 + Level 6.6 Dodging
 * Level 11.1 Unarmed Combat
 + Level 6.4 Invocations
 + Level 7.5 Shapeshifting


You had 11 spell levels left.
You didn't know any spells.
Your spell library contained the following spells:

 Spells                   Type           Power      Damage    Failure   Level
 Magic Dart               Conj           0%         1d3       45%         1
 Necrotise                Necr           0%         1d4       45%         1
 Shock                    Conj/Air       0%         1d3       45%         1
 Blink                    Tloc           0%         N/A       58%         2
 Cigotuvi's Dreadful Rot  Necr/Alch/Air  0%         N/A       58%         2
 Ensorcelled Hibernation  Hex/Ice        0%         N/A       58%         2
 Lesser Beckoning         Tloc           0%         N/A       58%         2
 Gell's Gravitas          Tloc           0%         N/A       83%         3
 Inner Flame              Hex/Fire       0%         N/A       83%         3
 Passwall                 Erth           0%         N/A       83%         3
 Swiftness                Air            0%         N/A       83%         3
 Teleport Other           Tloc           0%         N/A       83%         3
 Vampiric Draining        Necr           0%         2d6       83%         3
 Airstrike                Air            0%         2d(0-16)  99%         4
 Dispel Undead            Necr           0%         3d6       99%         4
 Flame Wave               Conj/Fire      0%         2d4       99%         4
 Sticky Flame             Fire/Alch      0%         2d4       99%         4
 Curse of Agony           Necr           0%         N/A       100%        5
 Borgnjor's Revivificati  Necr           0%         N/A       100%        8
 Death's Door             Necr           0%         N/A       100%        9
 Call Imp                 Summ           Unusable   N/A       N/A         2
 Martyr's Knell           Necr/Summ      Unusable   N/A       N/A         4
 Death Channel            Necr           Unusable   N/A       N/A         6
 Haunt                    Necr/Summ      Unusable   N/A       N/A         7

Dungeon Overview and Level Annotations

Branches:
Dungeon (12/15)            Temple (1/1) D:7            Lair (0/5) D:9
    Orc (0/2) D:10

Altars:
Ashenzari
Cheibriados
Dithmenos
Elyvilon
Fedhas
Gozag
Hepliaklqana
Kikubaaqudgha
Makhleb
Nemelex Xobeh
Okawaru
Qazlal
Ru
Sif Muna
Trog
Uskayaw
Vehumet
Wu Jian
Xom
Yredelemnul
Zin
The Shining One
Beogh

Shops:
D:1 :   D:11 :

Annotations:
D:12 exclusion: 2 statues


Innate Abilities, Weirdness & Mutations

You are a hulking beast.
Your limbs bulge with bestial killing power. (Slay +4)
You are too large for most types of armour.
You have claws for hands.
Your natural rate of healing is unusually fast.
You are covered in fur. (AC +1)
You have tough skin. (AC +1)


Message History

f - 2 scrolls of revelation As you open the door, it creaks loudly!
Something hits you.
Deactivating autopickup; reactivate with Ctrl-A.
Found an ancient ring mail and a runed dagger. 2 archer statues come into view.
Something hits you! Something hits you but does no damage.
The archer statue shoots an arrow. x2
Marking area around 2 archer statues as unsafe for travelling.
There is an open door, spattered with blood here.
Unknown command.
Press: ? - help, v - describe, . - travel
Here: an archer statue, wielding a +0 longbow The floor.
Unknown command.
Something hits you but does no damage.
Okay, then.
Something hits the bush!
Something hits you!
Okay, then.
Attack: -) Claws
Press: ? - help, Dir - move target You claw something!
Okawaru accepts your kill.
Reactivating autopickup.
You feel a bit more experienced.
Unknown command.
Press: ? - help, v - describe, . - travel The floor.
The archer statue shoots an arrow.
The arrow barely misses you.
The archer statue shoots an arrow.
The arrow hits you!!
There is an open door, spattered with blood here.
The archer statue shoots an arrow.
The arrow hits you!!
The archer statue shoots an arrow.
The arrow hits you!!
You see here the +1 ring mail of the Evil One {-Tele MP+9 Int+8 SInv}.
The archer statue shoots an arrow.
The arrow closely misses you.
The archer statue shoots an arrow.
The arrow hits you!
* * * LOW HITPOINT WARNING * * *
There is an open door, spattered with blood here.
The archer statue shoots an arrow.
The arrow hits you!!
You die...

#....#
#..............#.#.#
#....#
#....###....##.#.#>
#.)..# #..###)###..#
+.. #....#
##.#.P.P.#..# #.#####
##^###
#.#IP.PI#..####......
#.##
#.#.P.P.#)###...'##
#..#
#.###[###.###.##..#
##.#
#...#'#...#...###'###
#.#
#...h.......####.....
#.# #.##.########
#..... #.# #....#
#..... #.# #.####
#..... #.# #.# #.....
#.# #.# #..... #.#
#.# #..... #.# #.#
#(.... #.# #.# #.....


You could see an archer statue.

Vanquished Creatures
  Josephine (D:10)
  2 two-headed ogres
  Maurice (D:12)
  3 manticores
  3 cyclopes
  2 gargoyles (D:11)
  2 unseen horrors
  A komodo dragon (D:11)
  The ghost of knightboat the Covert, an amateur NaBr of Uskayaw (D:4)
  A troll (D:10)
  A hornet (D:11)
  7 wraiths
  Grum (D:10)
  8 yaks (D:11)
  4 steam dragons
  4 vampire mosquitoes
  2 acid dragons
  3 water moccasins
  3 black bears
  8 orc warriors
  An ice beast (D:7)
  2 sky beasts (D:7)
  2 wolves (D:10)
  4 centaurs
  3 ogres
  2 phantoms
  4 bullfrogs
  3 scorpions
  19 wights
  12 killer bees
  An electric eel (D:10)
  7 howler monkeys
  4 jellies
  2 bombardier beetles (D:7)
  2 hounds
  6 orc priests
  Crazy Yiuf (D:2)
  Terence (D:2)
  4 iguanas
  A sleepcap (D:8)
  10 orc wizards
  4 gnolls (D:5)
  A shadow imp (D:6)
  11 adders
  2 dart slugs
  2 ribbon worms
  49 orcs
  5 ball pythons
  11 bats
  3 endoplasms
  2 giant cockroaches
  4 goblins
  8 hobgoblins
  8 jackals (D:3)
  2 quokkas
  4 frilled lizards
  4 kobolds
  6 rats
275 creatures vanquished.

Notes
Turn   | Place    | Note
-------+----------+-------------------------------------------
     0 | D:1      | greenreed the Troll Shapeshifter began the quest for the
                  | Orb.
     0 | D:1      | Reached XP level 1. HP: 18/18 MP: 0/0
   165 | D:1      | Reached skill level 1 in Fighting
   194 | D:1      | Reached XP level 2. HP: 27/27 MP: 1/1
   213 | D:1      | Found Konoll's Book Boutique.
   515 | D:2      | Reached XP level 3. HP: 33/33 MP: 2/2
   519 | D:2      | Noticed Terence
   525 | D:2      | Killed Terence
   747 | D:2      | Reached XP level 4. HP: 41/42 MP: 3/3
   929 | D:2      | Found a runed translucent door.
   930 | D:2      | Noticed Crazy Yiuf
   935 | D:2      | Killed Crazy Yiuf
   936 | D:2      | Reached skill level 4 in Unarmed Combat
  1363 | D:3      | Reached XP level 5. HP: 37/50 MP: 4/4
  1418 | D:3      | Found a faded altar of an unknown god.
  1648 | D:3      | Found a hide-covered altar of Uskayaw.
  1841 | D:4      | Reached XP level 6. HP: 56/61 MP: 5/5
  1985 | D:4      | Found an iron altar of Okawaru.
  2002 | D:4      | Became a worshipper of Warmaster Okawaru
  2042 | D:4      | Reached skill level 5 in Unarmed Combat
  2062 | D:4      | Reached XP level 7. HP: 59/67 MP: 6/6
  2101 | D:4      | Found a radiant altar of Vehumet.
  2219 | D:4      | Reached skill level 1 in Invocations
  2307 | D:4      | Found a large runed translucent door.
  2307 | D:4      | Found a large runed translucent door.
  2312 | D:4      | Noticed knightboat's ghost (amateur NaBr)
  2371 | D:4      | Killed knightboat's ghost
  2371 | D:4      | Reached * piety under Okawaru
  2483 | D:4      | Found an opulent altar of Gozag.
  2500 | D:5      | Entered Level 5 of the Dungeon
  2634 | D:5      | Reached skill level 6 in Unarmed Combat
  2634 | D:5      | Reached XP level 8. HP: 78/78 MP: 8/8
  2993 | D:6      | Reached ** piety under Okawaru
  3063 | D:6      | Reached skill level 5 in Fighting
  3150 | D:6      | Reached skill level 7 in Unarmed Combat
  3338 | D:6      | Reached skill level 5 in Shapeshifting
  3338 | D:6      | Reached XP level 9. HP: 60/88 MP: 10/10
  3606 | D:6      | Reached *** piety under Okawaru
  3772 | D:7      | Found a staircase to the Ecumenical Temple.
  3779 | Temple   | Entered the Ecumenical Temple
  3840 | D:7      | Found a stormy altar of Qazlal.
  4222 | D:7      | Reached **** piety under Okawaru
  4223 | D:7      | Reached skill level 8 in Unarmed Combat
  4739 | D:8      | Reached XP level 10. HP: 84/100 MP: 12/12
  4784 | D:8      | Identified the staff of Imminent Death {rF+ Will+ Fire Air}
  4806 | D:8      | Reached skill level 5 in Dodging
  4806 | D:8      | Reached ***** piety under Okawaru
  5412 | D:9      | Found a basalt altar of Yredelemnul.
  5532 | D:9      | Reached skill level 9 in Unarmed Combat
  5726 | D:9      | Received a gift from Okawaru
  5812 | D:9      | Found a staircase to the Lair.
  5905 | D:10     | Entered Level 10 of the Dungeon
  5908 | D:10     | Found a roughly hewn altar of Beogh.
  5908 | D:10     | Found a staircase to the Orcish Mines.
  5920 | D:10     | Reached skill level 5 in Invocations
  6052 | D:10     | Noticed Josephine
  6059 | D:10     | Killed Josephine
  6066 | D:10     | Reached XP level 11. HP: 70/110 MP: 12/14
  6286 | D:10     | Noticed Grum
  6291 | D:10     | Killed Grum
  6316 | D:10     | Reached skill level 10 in Unarmed Combat
  6664 | D:11     | Found Burghab's Book Shop.
  6738 | D:11     | Received a gift from Okawaru
  6824 | D:11     | Paralysed by a hornet for 3 turns
  7087 | D:11     | Received a gift from Okawaru
  7114 | D:11     | Noticed a two-headed ogre
  7126 | D:11     | Killed a two-headed ogre
  7370 | D:12     | Noticed a two-headed ogre
  7375 | D:12     | Killed a two-headed ogre
  7454 | D:12     | Reached skill level 11 in Unarmed Combat
  7574 | D:12     | Noticed Maurice
  7579 | D:12     | Maurice stole a flux talisman
  7580 | D:12     | Maurice stole a ring of wizardry
  7584 | D:12     | Killed Maurice
  7585 | D:12     | Reached XP level 12. HP: 123/123 MP: 13/15
  7653 | D:12     | Identified the +1 ring mail of the Evil One {-Tele MP+9
                  | Int+8 SInv}
  7656 | D:12     | Shot with an arrow by an archer statue

Illustrated notes

Levels and vault maps discovered:
D:1:      pf_arrival_petrified_forest, layout_rooms, serial_shops, shop,
          corexii_leaking_fountain, chequers_garden, hangedman_decor_push,
          hangedman_decor_opposing, grunt_decor_resistance
D:2:      layout_loops_ring, kennysheep_flooded_box, uniq_terence,
          uniq_crazy_yiuf_cottage
D:3:      layout_rooms, nicolae_uskayaw_suspiria,
          chequers_ecumenical_altar_lobes
D:4:      layout_basic, mainiacjoe_overflow_swirl, okawaru_trees_1,
          ebering_ghost_disaster_area, roderic_batcave
D:5:      layout_rooms
D:6:      layout_basic
D:7:      layout_layer_cave, mainiacjoe_overflow_boulevard,
          minmay_temple_entry_nine_rooms, chequers_serial_rivers_small_a
D:8:      layout_rooms
D:9:      layout_rooms, kennysheep_mini, lair_entry_dummy
D:10:     layout_roguey, david_orc_5, kennysheep_cross_room, uniq_josephine,
          uniq_grum
D:11:     layout_basic, serial_shops, shop, hangedman_abyss_or_decor_passed
D:12:     layout_roguey, minmay_dual_archer_statues, uniq_maurice, uniq_jorgrun
Temple:   compressed_dpeg_triangle_lava_temple

Skill      XL: |  1  2  3  4  5  6  7  8  9 10 11 |
---------------+----------------------------------+-----
Fighting       | 1 2 3 4 5 6 7 9 |  9.0
Dodging        | 2 3 4 5 6 |  6.6
Unarmed Combat | 4 5 6 7 8 9 11 | 11.1
Invocations    | 1 3 4 5 6 |  6.4
Shapeshifting  | 4 5 6 7 |  7.5

Action                     |  1- 3 |  4- 6 |  7- 9 | 10-12 || total
---------------------------+-------+-------+-------+-------++-------
  Melee: Unarmed           |    48 |   154 |   238 |   296 ||   736
         Punch             |       |     2 |     6 |    20 ||    28
  Throw: Large rock        |       |       |       |    18 ||    18
         Boomerang         |       |       |       |     1 ||     1
 Invoke: Heroism           |       |       |       |     1 ||     1
    Use: Scroll            |       |       |       |    11 ||    11
 Armour: Animal skin       |    31 |   139 |   130 |   131 ||   431
         Robe              |       |       |       |    96 ||    96
  Dodge: Dodged            |    22 |   109 |   107 |   162 ||   400

Table legend: (Time is in decaauts)
 A = Elapsed time spent in this place.
 B = Non-inter-level travel time spent in this place.
 C = Inter-level travel time spent in this place.
 D = Time resting spent in this place.
 E = Time spent auto-exploring this place.
 F = Levels seen in this place.
 G = Mean time per level.
                   A        B        C        D        E       F      G
               +--------+--------+--------+--------+--------+-----+--------+
         Total |   7608 |   7201 |    407 |     82 |   5537 |  13 |  585.2 |
       Dungeon |   7607 |   7200 |    407 |     82 |   5537 |  12 |  633.9 |
        Temple |      1 |      1 |      0 |      0 |      0 |   1 |    1.0 |
               +--------+--------+--------+--------+--------+-----+--------+

Top non-repeatable levels by time:
     D:7: 921 daAuts
     D:2: 854 daAuts
    D:10: 752 daAuts
     D:6: 747 daAuts
    D:11: 717 daAuts
     D:4: 671 daAuts
     D:8: 638 daAuts
     D:9: 590 daAuts
     D:1: 494 daAuts
     D:5: 465 daAuts
     D:3: 460 daAuts
    D:12: 294 daAuts
  Temple: 1 daAuts
